Map: Temple gelé

Players

pupu - Winner!

  • Race: Protoss Protoss
  • League: Silver

stukov

  • Race: Zerg Zerg
  • League: Bronze

VOD

Have the link to the VOD?

Description

Time

  • Played on: April 6, 2016, 1:31 p.m.
  • Length: 5:46
Show
View Real Time Build Order
Export as new Build Order

pupu Protoss - Winner!

Build Orders: Oracle Opening 

Get SALT Encoding   

  12  0:01  Probe (Chrono Boost)  
  13  0:11  Probe (Chrono Boost)  
  14  0:20  Pylon  
  14  0:23  Probe (Chrono Boost)  
  15  0:39  Probe (Chrono Boost)  
  15  0:41  Gateway  
  16  0:49  Probe (Chrono Boost)  
  17  0:52  Assimilator  
  17  0:57  Assimilator  
  17  1:00  Probe (Chrono Boost)  
  18  1:10  Probe (Chrono Boost)  
  19  1:21  Probe (Chrono Boost)  
  20  1:27  Pylon  
  20  1:31  Probe (Chrono Boost)  
  21  1:34  Cybernetics Core  
  21  1:42  Probe (Chrono Boost)  
  21  1:43  Pylon  
  22  1:57  Probe (Chrono Boost)  
  22  1:58  Gateway  
  23  2:03  Zealot  
  25  2:12  Probe (Chrono Boost)  
  26  2:17  Stargate  
  26  2:24  Mothership Core (Chrono Boost)  
  26  2:26  Warp Gate  
  28  2:37  Adept  
  30  2:56  Probe (Chrono Boost)  
  31  3:00  Oracle (Chrono Boost)  
  34  3:07  Probe, Gateway  
  34  3:08  Adept  
  34  3:09  Adept  
  39  3:31  Pylon  
  39  3:33  Pylon  
  39  3:49  Adept x2  
  39  3:50  Oracle (Chrono Boost)  
  39  3:51  Pylon  
  46  3:57  Probe  
  47  4:09  Probe  
  48  4:21  Probe  
  49  4:33  Probe  
  50  4:42  Nexus  
  50  4:45  Probe, Gateway  
  50  4:48  Gateway  
  51  4:58  Probe  
  52  5:10  Probe  
Show
View Real Time Build Order
Export as new Build Order

stukov Zerg 

Build Orders: Pool First 

Get SALT Encoding   

  12  0:03  Drone  
  13  0:09  Drone  
  14  0:27  Spawning Pool  
  13  0:30  Drone  
  13  0:35  Extractor  
  13  0:39  Extractor, Drone  
  13  0:44  Drone  
  14  0:53  Overlord  
  14  1:13  Drone  
  14  1:14  Drone  
  16  1:29  Zergling x4  
  18  1:34  Roach Warren  
  17  1:40  Drone  
  18  1:48  Drone  
  18  1:49  Queen  
  21  2:05  Zergling x2  
  21  2:07  Baneling Nest  
  21  2:09  Drone  
  21  2:13  Metabolic Boost  
  22  2:21  Overlord  
  20  3:04  Lair  
  20  3:16  Roach  
  24  3:20  Roach  
  24  3:24  Zergling x2  
  25  3:27  Baneling  
  25  3:29  Hatchery, Baneling  
  23  4:13  Spore Crawler  
  23  4:15  Spore Crawler  
  19  4:22  Spore Crawler  
  10  4:26  Zergling x6  
  10  4:27  Zergling x4  
Tags
 
Add a new tag
Caveats
  • Supply blocks, unpowered buildings, or Contaminate may cause inaccurate times.
  • Supply counts are checked every 10 seconds.